 Dungeon Crawl Stone Soup version 0.23.0 (webtiles) character file.

Game seed: 4896701915740752716

95 misha the Poker (level 4, -2/36 HPs)
             Began as a Human Berserker on Feb 17, 2019.
             Was a Believer of Trog.
             Killed from afar by a dart slug (6 damage)
             ... with a slug dart
             ... on level 3 of the Dungeon.
             The game lasted 00:12:17 (4011 turns).

misha the Poker (Human Berserker)                   Turns: 4011, Time: 00:12:17

Health: -2/36      AC:  3    Str: 18    XL:     4   Next: 97%
Magic:  4/4        EV: 12    Int:  7    God:    Trog [**....]
Gold:   123        SH:  3    Dex: 13    Spells: 3/3 levels left

rFire    . . .     SeeInvis .   a - +0 spear
rCold    . . .     Gourm    .   y - +0 buckler
rNeg     . . .     Faith    .   b - +0 animal skin
rPois    .         Spirit   .   (no helmet)
rElec    .         Reflect  .   (no cloak)
rCorr    .         Harm     .   (no gloves)
MR       .....                  j - +0 pair of boots
Stlth    ++........             (no amulet)
HPRegen  0.12/turn              (no ring)
MPRegen  0.09/turn              (no ring)

@: lethally poisoned (-2 -> -11)
A: no striking features
a: Berserk, Trog's Hand, Renounce Religion


You were on level 3 of the Dungeon.
You worshipped Trog.
Trog was pleased with you.
You were not hungry.

You visited 1 branch of the dungeon, and saw 3 of its levels.

You collected 123 gold pieces.

Inventory:

Hand Weapons
 a - a +0 spear (weapon)
 g - a +0 club
 k - a +0 short sword
 l - a cursed -2 spear
 o - a +0 club
 r - a +0 spear
 v - a +0 club
 w - a +0 club
 x - a +0 hand axe
 A - a +0 dagger
 D - a +0 falchion
 E - a +0 club
 F - a +0 club
 H - a +0 dagger
Missiles
 h - 61 stones (quivered)
 t - 28 bolts
 z - 11 arrows
Armour
 b - a +0 animal skin (worn)
 j - a +0 pair of boots (worn)
 p - a +0 robe
 s - a +0 leather armour
 y - a +0 buckler (worn)
 G - a +0 scale mail
 I - a +0 ring mail
Jewellery
 m - a cursed ring of teleportation {unknown}
 C - an uncursed ring of positive energy {unknown}
Wands
 J - a wand of acid (13)
Scrolls
 f - 2 scrolls of noise {unknown}
 i - 3 scrolls of remove curse {unknown}
 n - a scroll of identify {unknown}
 q - a scroll of fear {unknown}
 u - a scroll of fog {unknown}
 B - a scroll of immolation {unknown}
 K - a scroll of random uselessness {unknown}
Potions
 d - a potion of heal wounds {unknown}
 e - a potion of flight {unknown}
Comestibles
 c - 3 rations


   Skills:
 + Level 3.6 Fighting
 + Level 4.2 Polearms
 + Level 0.2 Throwing
 + Level 2.1 Armour
 + Level 2.5 Dodging
 + Level 0.7 Stealth


You had 3 spell levels left.
You didn't know any spells.
Your spell library was empty.

Dungeon Overview and Level Annotations

Branches:
Dungeon (3/15)

Altars:
Qazlal
Yredelemnul


Message History

The adder is heavily wounded.
You feel sick. The adder bites you.
* * * LOW HITPOINT WARNING * * *
You are too injured to fight recklessly!
You closely miss the adder.
The adder is heavily wounded.
* * * LOW HITPOINT WARNING * * *
You feel sick. The adder barely misses you.
You are too injured to fight recklessly!
You closely miss the adder.
The adder is heavily wounded.
* * * LOW HITPOINT WARNING * * *
You feel sick. The adder barely misses you.
* * * LOW HITPOINT WARNING * * *
You feel sick.
* * * LOW HITPOINT WARNING * * *
You feel sick. The adder closely misses you.
The dart slug launches a dart at you. The slug dart hits you.
You die...

##########
#.S......#
#@######.# #.#
#.#
#.######.#####
..w.S...S....####
#.#####..###.##..
#.# #...# #.##.#
#.# #..... #.##.#
#........#
#.##.## #####.##
#......


You could see an adder and a dart slug.

Vanquished Creatures
  3 adders
  2 oozes (D:1)
  2 worms (D:2)
  A dart slug (D:1)
  3 leopard geckos
  8 bats
  4 giant cockroaches
  3 goblins
  8 hobgoblins
  5 kobolds
  3 frilled lizards
  6 rats
48 creatures vanquished.

Notes
Turn   | Place    | Note
-------+----------+-------------------------------------------
     0 | D:1      | misha the Human Berserker began the quest for the Orb.
     0 | D:1      | Reached XP level 1. HP: 18/18 MP: 1/1
   156 | D:1      | Reached XP level 2. HP: 13/24 MP: 2/2
   342 | D:1      | HP: 1/24 [ooze (2)]
  1052 | D:1      | Reached XP level 3. HP: 25/29 MP: 3/3
  2193 | D:2      | Reached XP level 4. HP: 21/35 MP: 4/4
  2489 | D:2      | Found a stormy altar of Qazlal.
  2628 | D:2      | Reached ** piety under Trog
  2628 | D:2      | Reached skill level 4 in Polearms
  3850 | D:3      | Found a basalt altar of Yredelemnul.
  4011 | D:3      | Killed from afar by a dart slug

Skill      XL: |  1  2  3  4 |
---------------+-------------+-----
Polearms       | 4 |  4.2
Fighting       | |  3.6
Throwing       | |  0.2
Armour         | |  2.1
Dodging        | |  2.5
Stealth        | |  0.7

Action                   |  1- 3 |  4- 6 || total
-------------------------+-------+-------++-------
Melee: Spear             |   120 |   119 ||   239
Throw: Stone             |       |    16 ||    16
 Stab: Sleeping          |     1 |     3 ||     4
  Eat: Chunk             |     3 |     2 ||     5
       Ration            |       |     2 ||     2
Armor: Animal skin       |    16 |    27 ||    43
Dodge: Dodged            |    68 |    64 ||   132
Block: Buckler           |     1 |    24 ||    25
